 Dungeon Crawl Stone Soup version 0.21.1-1-g345015f (webtiles) character file.

322 Flooderbenga the Grave Robber (level 6, -4/44 HPs)
             Began as a Gnoll Necromancer on Apr 6, 2018.
             Shot with a sling bullet by Joseph (7 damage)
             ... on level 7 of the Dungeon.
             The game lasted 00:45:52 (1037 turns).

Flooderbenga the Grave Robber (Gnoll Necromancer)   Turns: 1037, Time: 00:45:53

Health: -4/44      AC:  5    Str: 11    XL:     6   Next: 47%
Magic:  10/14      EV: 14    Int: 19    God:
Gold:   188        SH:  0    Dex: 15    Spells: 2/15 levels left

rFire    . . .     SeeInvis .   i - +0 hunting sling
rCold    . . .     Gourm    .   (no shield)
rNeg     . . .     Faith    +   f - +0 leather armour
rPois    .         Spirit   .   (no helmet)
rElec    .         Reflect  .   (no cloak)
rCorr    .         Harm     .   o - +1 pair of gloves
MR       .....                  (no boots)
Stlth    +++.......             q - amulet of faith
HPRegen  0.14/turn              (no ring)
MPRegen  0.14/turn              (no ring)

@: hasted, very quick
A: distributed training, fangs 1, strong nose
a: no special abilities


You were on level 7 of the Dungeon.
You were not hungry.

You visited 1 branch of the dungeon, and saw 8 of its levels.

You collected 188 gold pieces.

Inventory:

Hand Weapons
 a - a +0 dagger
 g - a +0 blowgun
 i - a +0 hunting sling (weapon)
Missiles
 d - 17 stones
 k - 10 sling bullets (quivered)
 l - 7 javelins of penetration
Armour
 f - a +0 leather armour (worn)
 h - a +0 robe
 o - a +1 pair of gloves (worn)
Jewellery
 q - an amulet of faith (around neck)
Wands
 e - a wand of polymorph (11)
 j - a wand of random effects (21)
Scrolls
 p - 2 scrolls of blinking {@r4}
 s - a scroll of amnesia {unknown}
 t - a scroll of noise {unknown}
 v - a scroll of enchant armour {unknown}
Potions
 m - a potion of flight
 r - a potion of might {unknown}
 u - a potion of curing {unknown}
Books
 b - a book of Necromancy

   Spells                             Type                      Level
   a - Pain                           Necromancy                   1
   b - Animate Skeleton               Necromancy                   1
   c - Vampiric Draining              Necromancy                   3
   d - Regeneration                   Charms/Necromancy            3
   e - Animate Dead                   Necromancy                   4
   f - Borgnjor's Vile Clutch         Necromancy/Earth             5
Comestibles
 c - 6 rations


   Skills:
 + Level 1.9 Fighting
 + Level 1.9 Short Blades
 + Level 1.9 Long Blades
 + Level 1.9 Axes
 + Level 1.9 Maces & Flails
 + Level 1.9 Polearms
 + Level 1.9 Staves
 + Level 1.9 Slings
 + Level 1.9 Bows
 + Level 1.9 Crossbows
 + Level 1.9 Throwing
 + Level 1.9 Armour
 + Level 5.0 Dodging
 + Level 4.6 Stealth
 + Level 1.9 Shields
 + Level 1.9 Unarmed Combat
 + Level 5.3 Spellcasting
 + Level 1.5 Conjurations
 + Level 1.5 Hexes
 + Level 1.5 Charms
 + Level 1.5 Summonings
 + Level 7.3 Necromancy
 + Level 1.5 Translocations
 + Level 1.5 Transmutations
 + Level 1.5 Fire Magic
 + Level 1.5 Ice Magic
 + Level 1.5 Air Magic
 + Level 1.5 Earth Magic
 + Level 1.5 Poison Magic
 + Level 2.1 Invocations
 + Level 1.9 Evocations


You had 2 spell levels left.
You knew the following spells:

 Your Spells              Type           Power        Failure   Level  Hunger
a - Pain                  Necr           ####         1%          1    None
b - Borgnjor's Vile Clut  Necr/Erth      ###.......   56%         5    #####..
c - Vampiric Draining     Necr           ####......   2%          3    ##.....
r - Regeneration          Chrm/Necr      ###.......   8%          3    ##.....
z - Animate Skeleton      Necr           N/A          1%          1    None


Dungeon Overview and Level Annotations

Branches:
Dungeon (8/15)             Temple (0/1) D:7
   Lair: D:8-11

Altars:
Xom

Annotations:
D:7 Joseph, Pikel


Innate Abilities, Weirdness & Mutations

Your experience applies equally to all skills.
You have very sharp teeth.
Your uncanny sense of smell can sniff out nearby items.


Message History

Okay, then.
Unknown command.
Aim: Joseph, wielding a hunting sling of freezing and wearing a glowing ring mail (moderately wounded, chance to defeat MR: 71%)
Okay, then.
Aim: Joseph, wielding a hunting sling of freezing and wearing a glowing ring mail (moderately wounded, chance to defeat MR: 71%) Joseph writhes in agony!
Joseph shoots a sling bullet.
The sling bullet hits you! The sling bullet freezes you!
You take 23 damage, and have 21/44 hp.
MASSIVE DAMAGE!!
You now have 13/14 mp.
Aim: Joseph, wielding a hunting sling of freezing and wearing a glowing ring mail (heavily wounded, chance to defeat MR: 71%) Joseph writhes in agony!
You take 1 damage, and have 20/44 hp.
You now have 12/14 mp.
Aim: Joseph, wielding a hunting sling of freezing and wearing a glowing ring mail (severely wounded, chance to defeat MR: 71%) Joseph writhes in agony!
You take 1 damage, and have 19/44 hp.
You now have 11/14 mp.
Aim: Joseph, wielding a hunting sling of freezing and wearing a glowing ring mail (severely wounded, chance to defeat MR: 71%) Joseph struggles to resist.
Joseph shoots a sling bullet.
The sling bullet hits you!
* * * LOW HITPOINT WARNING * * *
The sling bullet freezes you!
You die...

8...8*#........#...##...#,,,,,*,*
.....##........#.#Z#....#,⌠,⌠,*,*
.....8#........#.#.#....+,,>,,+,*
?....##........#.#......#,⌠,⌠,***
8...8###########........#,,,,,*
,,,,,** ######.....#**+***
,,,,,8* #.....(....#*,,*
,,∆,,****#####!..(.(....#*,**
8,,,8* *,....@..@.......+,,*
**_*****,...(...........#*,*
*******,,.((..........>.#*,*
**,,,,,,,........#####.##*,*
********######### *.# *,* *,#**,*
*,,,,,* *******


You could see Joseph.

Vanquished Creatures
  An orc warrior (D:7)
  2 scorpions
  A hound (D:4)
  2 orc priests (D:7)
  An adder (D:6)
  A dart slug (D:3)
  A leopard gecko (D:5)
  4 orcs
  2 bats
  3 giant cockroaches
  3 goblins (D:2)
  3 hobgoblins (D:2)
  A quokka (D:4)
  A frilled lizard (D:4)
  4 kobolds
  2 rats (D:1)
32 creatures vanquished.

Notes
Turn   | Place    | Note
-------+----------+-------------------------------------------
     0 | D:1      | Flooderbenga the Gnoll Necromancer began the quest for the Orb.
     0 | D:1      | Reached XP level 1. HP: 13/13 MP: 6/6
   168 | D:2      | Reached XP level 2. HP: 14/19 MP: 5/7
   198 | D:2      | Learned a level 1 spell: Animate Skeleton
   442 | D:4      | Noticed a scorpion
   446 | D:4      | Killed a scorpion
   446 | D:4      | Reached skill level 1 in Fighting
   446 | D:4      | Reached skill level 1 in Short Blades
   446 | D:4      | Reached skill level 1 in Long Blades
   446 | D:4      | Reached skill level 1 in Axes
   446 | D:4      | Reached skill level 1 in Maces & Flails
   446 | D:4      | Reached skill level 1 in Polearms
   446 | D:4      | Reached skill level 1 in Staves
   446 | D:4      | Reached skill level 1 in Slings
   446 | D:4      | Reached skill level 1 in Bows
   446 | D:4      | Reached skill level 1 in Crossbows
   446 | D:4      | Reached skill level 1 in Throwing
   446 | D:4      | Reached skill level 1 in Armour
   446 | D:4      | Reached skill level 1 in Shields
   446 | D:4      | Reached skill level 1 in Unarmed Combat
   446 | D:4      | Reached skill level 5 in Spellcasting
   446 | D:4      | Reached skill level 1 in Invocations
   446 | D:4      | Reached skill level 1 in Evocations
   446 | D:4      | Reached XP level 3. HP: 17/26 MP: 4/9
   446 | D:4      | Reached XP level 4. HP: 21/32 MP: 4/11
   480 | D:4      | Reached skill level 1 in Conjurations
   480 | D:4      | Reached skill level 1 in Hexes
   480 | D:4      | Reached skill level 1 in Charms
   480 | D:4      | Reached skill level 1 in Summonings
   480 | D:4      | Reached skill level 1 in Translocations
   480 | D:4      | Reached skill level 1 in Transmutations
   480 | D:4      | Reached skill level 1 in Fire Magic
   480 | D:4      | Reached skill level 1 in Ice Magic
   480 | D:4      | Reached skill level 1 in Air Magic
   480 | D:4      | Reached skill level 1 in Earth Magic
   480 | D:4      | Reached skill level 1 in Poison Magic
   490 | D:4      | Learned a level 3 spell: Regeneration
   588 | D:5      | Entered Level 5 of the Dungeon
   621 | D:5      | Reached XP level 5. HP: 31/37 MP: 7/12
   658 | D:6      | Noticed an orc warrior
   659 | D:6      | Noticed an orc warrior
   691 | D:7      | Killed an orc warrior
   691 | D:7      | Reached XP level 6. HP: 12/44 MP: 5/13
   731 | D:7      | Noticed Joseph
   791 | D:7      | Noticed Pikel
   791 | D:7      | Noticed a slave
   791 | D:7      | Noticed a slave
   791 | D:7      | Noticed a slave
   791 | D:7      | Noticed a slave
   820 | D:7      | Found a shimmering altar of Xom.
   860 | D:7      | Reached skill level 5 in Dodging
   962 | D:7      | Learned a level 5 spell: Borgnjor's Vile Clutch
  1022 | D:7      | Learned a level 3 spell: Vampiric Draining
  1037 | D:7      | Shot with a sling bullet by Joseph

Skill      XL: |  1  2  3  4  5  6 |
---------------+-------------------+-----
Fighting       | 1 |  1.9
Short Blades   | 1 |  1.9
Long Blades    | 1 |  1.9
Axes           | 1 |  1.9
Maces & Flails | 1 |  1.9
Polearms       | 1 |  1.9
Staves         | 1 |  1.9
Slings         | 1 |  1.9
Bows           | 1 |  1.9
Crossbows      | 1 |  1.9
Throwing       | 1 |  1.9
Armour         | 1 |  1.9
Shields        | 1 |  1.9
Unarmed Combat | 1 |  1.9
Spellcasting   | 5 |  5.3
Invocations    | 1 2 |  2.1
Evocations     | 1 |  1.9
Conjurations   | 1 |  1.5
Hexes          | 1 |  1.5
Charms         | 1 |  1.5
Summonings     | 1 |  1.5
Translocations | 1 |  1.5
Transmutations | 1 |  1.5
Fire Magic     | 1 |  1.5
Ice Magic      | 1 |  1.5
Air Magic      | 1 |  1.5
Earth Magic    | 1 |  1.5
Poison Magic   | 1 |  1.5
Dodging        | 5 |  5.0
Stealth        | |  4.6
Necromancy     | |  7.3

Action                   |  1- 3 |  4- 6 || total
-------------------------+-------+-------++-------
Melee: Dagger            |     1 |       ||     1
 Fire: Hunting sling     |     8 |    24 ||    32
 Cast: Pain              |    27 |    40 ||    67
       Animate Skeleton  |     2 |     4 ||     6
       Regeneration      |       |     4 ||     4
  Use: Scroll            |     1 |     5 ||     6
       Potion            |       |     5 ||     5
Armor: Leather armour    |     1 |     4 ||     5
Dodge: Dodged            |     2 |    13 ||    15
